[Event "Team 45 45 League T84"]
[Site "Internet Chess Club"]
[Date "2020.04.05"]
[Round "1"]
[White "oldbookseller"]
[Black "kingsrook"]
[Result "0-1"]
[WhiteElo "1031"]
[BlackElo "1224"]
[Opening "Queen's pawn game"]
[ECO "D04"]
[Time "13:30:51"]
[TimeControl "2700+45"]

1. d4 d5 2. Nf3 Nf6 3. e3 Bf5 4. Be2 h6 5. O-O e6 6. b3 c6 7. Nbd2 Nbd7 8. c4 b6
9. cxd5 cxd5 10. Bb5 a6 11. Bc6 Rb8 12. Ne5 b5 13. Qe2 Bd6 14. f3 O-O 15. f4 Qc7
16. Ndf3 Be4 17. Qf2 Nxe5 18. dxe5 Ng4 19. Qg3 Bc5 20. Qxg4 Qxc6 21. f5 Bxf5 22.
Qf4 Qb6 23. Nh4 Bh7 24. Rf3 Kh8 25. Bd2 g5 26. Qf6+ Kg8 27. Qxh6 gxh4 28. Qxh4
Qd8 29. Qg4+ Bg6 30. Raf1 Kg7 31. Kh1 Qe7 32. h4 Rh8 33. h5 Rxh5+ 34. Kg1 Rg5
35. Rxf7+ Bxf7 36. Qh3 Rh8 37. Qf3 Bg6 38. Qf6+ Qxf6 39. exf6+ Kf7 40. b4 Bb6
41. Rc1 Kxf6 42. Bc3+ e5 43. Rf1+ Ke6 44. Rc1 Bxe3+ 45. Kf1 Bxc1 {White resigns}
0-1

[Event "Team 45 45 League T84"]
[Site "Internet Chess Club"]
[Date "2020.04.05"]
[Round "1"]
[White "kabindra"]
[Black "clarinetref"]
[Result "1-0"]
[WhiteElo "1627"]
[BlackElo "1459"]
[Opening "Robatsch (modern) defense"]
[ECO "B06"]
[Time "18:03:10"]
[TimeControl "2700+45"]

1. e4 g6 2. d4 Bg7 3. Nf3 d6 4. h3 c5 5. c3 a6 6. a4 b6 7. Bc4 e6 8. Qe2 Ne7 9.
O-O d5 10. exd5 exd5 11. Bb3 O-O 12. Re1 Be6 13. Bg5 Re8 14. c4 dxc4 15. Bxc4
Bxc4 16. Qxc4 Nbc6 17. d5 Qxd5 18. Nbd2 Na5 19. Qe2 f6 20. Bf4 Kf7 21. Ne4 Rad8
22. Rad1 Qc6 23. Nd6+ Kf8 24. Nxe8 Rxd1 25. Qxe7+ {Black resigns} 1-0

[Event "Team 45 45 League T84"]
[Site "Internet Chess Club"]
[Date "2020.04.06"]
[Round "1"]
[White "gregorgg"]
[Black "olivermx"]
[Result "0-1"]
[WhiteElo "1234"]
[BlackElo "1316"]
[Opening "Queen's pawn, Mason variation"]
[ECO "D00"]
[Time "15:10:31"]
[TimeControl "2700+45"]

1. d4 d5 2. Bf4 e6 3. Nf3 c5 4. c3 Nf6 5. h3 Nbd7 6. e3 a6 7. Bd3 b6 8. O-O Bb7
9. Nbd2 Be7 10. e4 dxe4 11. Nxe4 Nxe4 12. dxc5 Bxc5 13. Qc2 Nef6 14. b4 Be7 15.
Ne5 Nxe5 16. Bxe5 Qd5 17. f4 h6 18. Rad1 Qc6 19. Bxf6 Bxf6 20. f5 Qxc3 21. Qxc3
Bxc3 22. fxe6 fxe6 23. Bg6+ Ke7 24. Rf7+ Ke8 25. Rf6+ Ke7 26. Rf7+ Ke8 27. Rxg7+
Kf8 28. Rxb7 Bxb4 29. Rf1+ Kg8 30. Bf7+ Kf8 31. Bxe6+ Ke8 32. Bf7+ Kd8 33. Rd1+
Kc8 34. Rdd7 Rh7 35. Rbc7+ Kb8 36. Bd5 Rxd7 37. Rxd7 Ra7 38. Rd8+ Kc7 39. Rh8
Bd2 40. Rf8 b5 41. Rf7+ Kb6 42. Kf2 Rxf7+ 43. Bxf7 Ka5 44. Ke2 Bf4 45. Kd3 Kb4
46. Kc2 Ka3 47. Be8 Kxa2 48. h4 b4 49. Ba4 Ka3 50. Bb3 a5 51. h5 a4 52. Bxa4
Kxa4 53. Kb2 Be5+ 54. Kb1 Kb3 55. g4 Bf6 56. g5 hxg5 {White resigns} 0-1

[Event "Team 45 45 League T84"]
[Site "Internet Chess Club"]
[Date "2020.04.03"]
[Round "1"]
[White "Conjurer"]
[Black "PsyMar"]
[Result "0-1"]
[WhiteElo "1236"]
[BlackElo "1276"]
[Opening "Queen's pawn, Mason variation"]
[ECO "D00"]
[Time "13:03:51"]
[TimeControl "2700+45"]

1. d4 d5 2. Bf4 e6 3. e3 c5 4. c3 Nc6 5. Nf3 Be7 6. Nbd2 g5 7. Bg3 g4 8. Ne5 h5
9. Bb5 Qb6 10. Qa4 Bd7 11. Nxd7 Kxd7 12. Qb3 f6 13. h4 c4 14. Bxc6+ Qxc6 15. Qc2
Nh6 16. O-O Nf7 17. b3 cxb3 18. Nxb3 b6 19. Rac1 Rac8 20. Nd2 Ba3 21. Rb1 Qxc3
22. Qxc3 Rxc3 23. Rb3 Rxb3 24. axb3 Bb4 25. Rd1 Rc8 26. f3 Bxd2 27. Rxd2 gxf3
28. gxf3 Rc3 29. Kf2 Rxb3 30. Rc2 e5 31. dxe5 fxe5 32. Ra2 a5 33. f4 Ke6 34. Rc2
Nd6 35. Rc6 Rb2+ 36. Ke1 Rg2 37. fxe5 Rxg3 38. exd6 Rxe3+ 39. Kd2 Kd7 40. Rxb6
Re6 41. Rb7+ Kxd6 42. Rb6+ Ke7 43. Rxe6+ Kxe6 44. Kc2 Kf5 45. Kd3 Kg4 {White
resigns} 0-1

[Event "Team 45 45 League T84"]
[Site "Internet Chess Club"]
[Date "2020.04.02"]
[Round "1"]
[White "dwmt"]
[Black "WzeroMN"]
[Result "1-0"]
[WhiteElo "1216"]
[BlackElo "1024"]
[Opening "Réti v Dutch"]
[ECO "A04"]
[Time "10:06:54"]
[TimeControl "2700+45"]

1. Nf3 f5 2. d4 d5 3. e3 Nf6 4. g3 e6 5. Bg2 Bd6 6. O-O b6 7. Nbd2 Nc6 8. a3 O-O
9. c4 Ba6 10. Qa4 Qc8 11. b4 Ne7 12. b5 Bb7 13. Qc2 a5 14. bxa6 Bxa6 15. Re1 c5
16. cxd5 cxd4 17. Qxc8 Raxc8 18. dxe6 dxe3 19. Rxe3 Ng6 20. Bb2 Ne7 21. Bxf6
Rxf6 22. a4 Bb4 23. Rb3 Bxd2 24. Nxd2 Rxe6 25. Nf3 Rec6 26. h3 Rc1+ 27. Rxc1
Rxc1+ 28. Kh2 Nd5 29. Nh4 Bf1 30. Bxd5+ Kf8 31. Rxb6 {Black forfeits on time}
1-0

[Event "Team 45 45 League T84"]
[Site "Internet Chess Club"]
[Date "2020.04.05"]
[Round "1"]
[White "Packerfan"]
[Black "Portola"]
[Result "1-0"]
[WhiteElo "1734"]
[BlackElo "1673"]
[Opening "QGD: 4.Nf3"]
[ECO "D37"]
[Time "15:00:25"]
[TimeControl "2700+45"]

1. c4 e6 2. Nc3 d5 3. d4 Nf6 4. Nf3 Be7 5. Bg5 Nbd7 6. cxd5 exd5 7. e3 O-O 8.
Bd3 c6 9. O-O Re8 10. Rc1 Nf8 11. h3 Ne4 12. Bxe7 Qxe7 13. Bb1 Bf5 14. Nxe4 Bxe4
15. Bxe4 Qxe4 16. Qc2 f6 17. Qxe4 Rxe4 18. b4 a6 19. a4 Ng6 20. b5 Ne7 21. bxc6
Nxc6 22. Rb1 Re7 23. Rfc1 Rd8 24. Nd2 Rdd7 25. Nb3 Kf7 26. Nc5 Rc7 27. Rb2 Na5
28. Rcb1 h5 29. Rb6 g5 30. Rd6 Rc6 31. Rxd5 Ke8 32. Nb3 Nc4 33. Rc5 Nd6 34. Rxc6
bxc6 35. Nc5 a5 36. Rb6 Rc7 37. Rb8+ Ke7 38. Rh8 h4 39. Rh7+ Nf7 40. e4 Rc8 41.
e5 fxe5 42. dxe5 Kf8 43. e6 Nd6 44. Nd7+ Ke8 45. Nf6+ {Black resigns} 1-0

[Event "Team 45 45 League T84"]
[Site "Internet Chess Club"]
[Date "2020.04.05"]
[Round "1"]
[White "Mitochondria"]
[Black "Electryon"]
[Result "1-0"]
[WhiteElo "1576"]
[BlackElo "1485"]
[Opening "QGD Slav: Dutch variation"]
[ECO "D18"]
[Time "19:15:19"]
[TimeControl "2700+45"]

1. d4 d5 2. c4 c6 3. Nf3 Nf6 4. Nc3 dxc4 5. a4 Bf5 6. e3 e6 7. Bxc4 Bb4 8. Bd2
Nbd7 9. O-O O-O 10. Ne4 Bxd2 11. Nexd2 c5 12. Nh4 cxd4 13. Nxf5 exf5 14. exd4
Nb6 15. Qc2 Qxd4 16. b3 Rad8 17. Rad1 Qf4 18. Be2 Rfe8 19. Bf3 Re7 20. g3 Qg5
21. Bxb7 Rxb7 22. Nf3 Rxd1 23. Nxg5 Rxf1+ 24. Kxf1 g6 25. Qc6 {Black resigns}
1-0

[Event "Team 45 45 League T84"]
[Site "Internet Chess Club"]
[Date "2020.04.03"]
[Round "1"]
[White "tryanything"]
[Black "sburreus09"]
[Result "1-0"]
[WhiteElo "1512"]
[BlackElo "1512"]
[Opening "King's pawn opening"]
[ECO "B07"]
[Time "18:46:50"]
[TimeControl "2700+45"]

1. e4 d6 2. Nc3 c6 3. g3 Qc7 4. Bg2 Nf6 5. Nge2 e5 6. d3 Be7 7. O-O Be6 8. f4
exf4 9. Nxf4 Nbd7 10. Nxe6 fxe6 11. Be3 b6 12. Ne2 h5 13. Nf4 Nf8 14. Qf3 e5 15.
Nh3 O-O-O 16. Ng5 Re8 17. h4 Qd7 18. Bh3 Ng4 19. a4 Bf6 20. a5 b5 21. Bxg4 hxg4
22. Qf5 a6 23. Qxd7+ Kb8 24. Qxd6+ {Black resigns} 1-0

[Event "Team 45 45 League T84"]
[Site "Internet Chess Club"]
[Date "2020.04.04"]
[Round "1"]
[White "nosir"]
[Black "sdcohle"]
[Result "0-1"]
[WhiteElo "1391"]
[BlackElo "1365"]
[Opening "Queen's pawn: London system"]
[ECO "A45"]
[Time "20:00:34"]
[TimeControl "2700+45"]

1. d4 Nf6 2. Bf4 g6 3. e3 d6 4. h3 Bg7 5. Be2 O-O 6. Nf3 Re8 7. Nbd2 Nbd7 8. O-O
e5 9. dxe5 dxe5 10. Bh2 e4 11. Ne1 b6 12. c3 Bb7 13. Qc2 Rc8 14. Rd1 Qe7 15. Nc4
Red8 16. Qb1 Ba6 17. Nc2 Ne8 18. Nd4 c5 19. Nb3 Bxc4 20. Bxc4 Be5 21. Bb5 Bxh2+
22. Kxh2 Nc7 23. Bxd7 Rxd7 24. Rxd7 Qxd7 25. Qxe4 Rd8 26. Qb7 Qd6+ 27. g3 a5 28.
Nd2 Ne6 29. Nc4 Qd3 30. Qxf7+ Kxf7 31. Ne5+ Kf6 32. Nxd3 Rxd3 33. Rb1 Rd2 34.
Kg2 Ng5 35. b3 Ne4 36. Kf1 Rxf2+ 37. Ke1 Rh2 38. Rd1 Rh1+ 39. Ke2 Nxc3+ {White
resigns} 0-1

[Event "Team 45 45 League T84"]
[Site "Internet Chess Club"]
[Date "2020.04.02"]
[Round "1"]
[White "Demachaeron"]
[Black "MathBandit"]
[Result "0-1"]
[WhiteElo "1742"]
[BlackElo "1698"]
[Opening "QGD: Chigorin defense"]
[ECO "D07"]
[Time "20:03:46"]
[TimeControl "2700+45"]

1. d4 d5 2. c4 Nc6 3. Nc3 Nf6 4. Nf3 dxc4 5. e3 Bg4 6. Bxc4 e5 7. Qb3 exd4 8.
Bxf7+ Ke7 9. exd4 Qd6 10. O-O Bxf3 11. gxf3 Nxd4 12. Re1+ Kd8 13. Qxb7 Rc8 14.
Be3 Qb6 15. Qxb6 Nxf3+ 16. Kh1 axb6 17. Re2 Bd6 18. Be6 Ra8 19. h3 Re8 20. Bc4
Ra5 21. Bb5 Re5 22. Bc6 Nh4 23. Rd1 Ke7 24. a3 Nf5 25. Bd4 Nxd4 26. Rxd4 Rxe2
27. Nxe2 Rc5 28. Ba4 Rd5 29. Kg2 Rxd4 30. Nxd4 Be5 31. Nc6+ Kd6 32. Nxe5 Kxe5
33. f3 Kd4 34. Kf2 c5 35. Bc2 h6 36. Ke2 Nh5 37. h4 Nf4+ 38. Kd2 Ng2 39. h5 Nf4
40. Bg6 Nxg6 41. hxg6 h5 42. Ke2 c4 43. a4 Ke5 44. Ke3 Kf5 45. Kd4 h4 46. Kxc4
h3 47. Kb5 h2 48. Kxb6 h1=Q 49. b4 Qxf3 50. a5 Kxg6 51. a6 Qe3+ 52. Kb7 Qe4+ 53.
Kb6 Qxb4+ 54. Ka7 {White resigns} 0-1

[Event "Team 45 45 League T84"]
[Site "Internet Chess Club"]
[Date "2020.04.04"]
[Round "1"]
[White "JeffH"]
[Black "ascoli"]
[Result "1-0"]
[WhiteElo "1691"]
[BlackElo "1524"]
[Opening "French: exchange variation"]
[ECO "C01"]
[Time "10:00:50"]
[TimeControl "2700+45"]

1. e4 e6 2. d4 d5 3. exd5 exd5 4. Bd3 Bd6 5. Nf3 Nf6 6. O-O O-O 7. Bg5 h6 8. Bh4
g5 9. Bg3 Bxg3 10. hxg3 Bg4 11. Nbd2 Re8 12. c3 Ne4 13. Qc2 Nxd2 14. Qxd2 Nd7
15. Rfe1 Qf6 16. Nh2 Bf5 17. Nf1 Bxd3 18. Qxd3 c6 19. Ne3 Re6 20. Ng4 Rxe1+ 21.
Rxe1 Qd6 22. Qf5 Kg7 23. Re2 Rd8 24. f4 Qg6 25. Qxg6+ Kxg6 26. Re7 h5 27. Rxd7
{Black resigns} 1-0

[Event "Team 45 45 League T84"]
[Site "Internet Chess Club"]
[Date "2020.04.02"]
[Round "1"]
[White "KidRattler"]
[Black "Chess4Him"]
[Result "1/2-1/2"]
[WhiteElo "1717"]
[BlackElo "1470"]
[Opening "Queen's bishop game"]
[ECO "D02"]
[Time "21:00:10"]
[TimeControl "2700+45"]

1. Nf3 d5 2. d4 Nf6 3. Bf4 c5 4. c3 Nc6 5. e3 e6 6. Bb5 Qb6 7. Bxc6+ bxc6 8. Qc2
cxd4 9. exd4 c5 10. O-O Bd6 11. Bxd6 Qxd6 12. Nbd2 O-O 13. Rfe1 c4 14. Nf1 a5
15. Ng3 h6 16. Qe2 Qb6 17. Qc2 Rb8 18. Re2 Ba6 19. Ne5 Bb5 20. f4 a4 21. a3 Rb7
22. Rf1 Rfb8 23. Rff2 Be8 24. h3 Nd7 25. Nf1 Nxe5 26. fxe5 Qb3 27. Qxb3 cxb3 28.
g4 Bb5 29. Rd2 Bxf1 30. Kxf1 Rc8 31. Kg2 g6 32. h4 Kg7 33. Rd3 Rf8 34. Rf6 Rc7
35. Kf2 Rfc8 36. Ke2 Rh8 37. Rh3 h5 38. g5 Rhc8 39. Kd3 Rf8 40. Rf1 Rfc8 41. Rc1
Rc4 42. Rf3 R8c7 43. Rcf1 R4c6 44. Kd2 Rc4 45. Rc1 Re7 46. Rd3 Rec7 47. Ke3 R7c6
{Game drawn by mutual agreement} 1/2-1/2

[Event "Team 45 45 League T84"]
[Site "Internet Chess Club"]
[Date "2020.04.07"]
[Round "1"]
[White "pagliaci"]
[Black "Visin"]
[Result "1-0"]
[WhiteElo "1248"]
[BlackElo "1094"]
[Opening "Giuoco Piano"]
[ECO "C54"]
[Time "10:00:58"]
[TimeControl "2700+45"]

1. e4 e5 2. Nf3 Nc6 3. Bc4 Bc5 4. c3 Nf6 5. d4 exd4 6. cxd4 Bb4+ 7. Bd2 d6 8.
Bxb4 Nxb4 9. Qb3 a5 10. Bxf7+ Kf8 11. Nc3 Qe7 12. Bc4 Nxe4 13. O-O Nxc3 14. bxc3
Nc6 15. Rfe1 Qf6 16. Re3 b6 17. Bd5 Bd7 18. Qc4 b5 19. Qxb5 Rb8 20. Qc4 Ne7 21.
Qxc7 Rb5 22. Qxd7 Rxd5 23. Rae1 Qxd4 {Black resigns} 1-0

[Event "Team 45 45 League T84"]
[Site "Internet Chess Club"]
[Date "2020.03.31"]
[Round "1"]
[White "Gojira"]
[Black "mongmong"]
[Result "1-0"]
[WhiteElo "1634"]
[BlackElo "1482"]
[Opening "Queen's pawn"]
[ECO "A40"]
[Time "20:02:38"]
[TimeControl "2700+45"]

1. d4 e6 2. Nc3 Nf6 3. Bf4 d5 4. e3 a6 5. Bd3 c5 6. dxc5 Bxc5 7. Nf3 Nc6 8. a3
O-O 9. O-O Bd6 10. Bg5 Be7 11. Qe2 Nd7 12. Bxe7 Qxe7 13. b4 Nde5 14. Nxe5 Nxe5
15. Bxh7+ Kxh7 16. Qh5+ Kg8 17. Qxe5 Bd7 18. Nxd5 Qd8 19. Nf4 Rc8 20. Rac1 Bb5
21. Rfd1 Qe7 22. Nd5 Qe8 23. Nc7 Qc6 24. Nxb5 axb5 25. Rd4 Rfd8 26. h3 Rxd4 27.
Qxd4 Qc3 28. Qd7 Rc7 29. Qxb5 Qd2 30. Qf1 Rxc2 31. Rxc2 Qxc2 32. Qb5 Qd1+ 33.
Kh2 Qd6+ 34. g3 b6 35. a4 g6 36. a5 bxa5 37. Qxa5 Qd2 38. Kg2 Kg7 39. Qc5 Qa2
40. b5 Qb1 41. Qd4+ Kg8 42. b6 Qb5 43. e4 Qb1 44. h4 Kh7 45. Kh3 Qh1+ 46. Kg4
f5+ 47. exf5 exf5+ 48. Kg5 Qc1+ 49. Qf4 Qd1 50. Qc7+ Kg8 51. Kxg6 Qg4+ 52. Kh6
f4 53. Qxf4 Qe6+ 54. Kh5 Qxb6 55. Qg5+ Kf7 56. f4 Qb1 57. f5 Qd1+ 58. g4 Ke8 59.
Qg8+ Kd7 60. Qe6+ Kd8 61. f6 Qd3 62. Qe7+ Kc8 63. Qe8+ Kc7 64. Qg6 Qd5+ 65. g5
Qd8 66. Qg7+ Kc6 67. f7 Qd1+ 68. Kh6 Qh1 69. h5 {Black resigns} 1-0

[Event "Team 45 45 League T84"]
[Site "Internet Chess Club"]
[Date "2020.04.05"]
[Round "1"]
[White "CMAlge"]
[Black "dabodhi"]
[Result "0-1"]
[WhiteElo "1236"]
[BlackElo "1335"]
[Opening "Two knights defense"]
[ECO "C58"]
[Time "16:05:10"]
[TimeControl "2700+45"]

1. e4 e5 2. Nf3 Nc6 3. Bc4 Nf6 4. Ng5 d5 5. exd5 Na5 6. Bb5+ c6 7. dxc6 bxc6 8.
Bd3 Nd5 9. Ne4 f5 10. Ng3 g6 11. Nc3 Nf4 12. Qf3 Nxd3+ 13. cxd3 Ba6 14. Nxf5
Qxd3 15. Qxd3 Bxd3 16. Ng3 Be7 17. Nge2 Rf8 18. O-O Bc5 19. b3 Rd8 20. Bb2 Rf5
21. Rad1 Bb4 22. g3 Bxc3 23. dxc3 Bxe2 24. Rxd8+ Kxd8 25. Re1 Bf3 26. c4 e4 27.
Bd4 c5 28. Be3 Nc6 29. h3 Nd4 30. Bxd4 cxd4 31. g4 Rf7 32. c5 d3 {White resigns}
0-1

[Event "Team 45 45 League T84"]
[Site "Internet Chess Club"]
[Date "2020.04.05"]
[Round "1"]
[White "stantheman59"]
[Black "seldredg"]
[Result "0-1"]
[WhiteElo "1231"]
[BlackElo "1358"]
[Opening "French: Winawer, fingerslip variation"]
[ECO "C15"]
[Time "13:36:59"]
[TimeControl "2700+45"]

1. d4 d5 2. e4 e6 3. Nc3 Bb4 4. Bd2 Bxc3 5. Bxc3 dxe4 6. Qg4 Qf6 7. d5 Qg6 8.
Qg3 Qxg3 9. hxg3 Nf6 10. Bxf6 gxf6 11. Bc4 Bd7 12. Rh6 Ke7 13. O-O-O b5 14. Bb3
Na6 15. a3 b4 16. axb4 Nxb4 17. Rd4 Nxd5 18. Rxe4 c6 19. c4 Rab8 20. cxd5 Rxb3
21. dxc6 Bxc6 22. Re2 Bxg2 23. Kc2 Rb5 24. f3 Bf1 25. Re1 Rc5+ 26. Kb1 Bd3+ 27.
Ka2 Rb8 28. b3 Rc2+ 29. Ka3 Rc3 30. Ne2 Rcxb3+ 31. Ka4 R8b4+ 32. Ka5 Rb5+ 33.
Ka4 Rb2 34. Ka3 Bxe2 35. Rh4 Bxf3 36. Ra4 a5 37. Rxa5 R5b3+ 38. Ka4 Bc6+ 39. Rb5
Rxb5 40. Ka3 R5b3# {White checkmated} 0-1

[Event "Team 45 45 League T84"]
[Site "Internet Chess Club"]
[Date "2020.04.02"]
[Round "1"]
[White "bardu"]
[Black "ascoli"]
[Result "0-1"]
[WhiteElo "1345"]
[BlackElo "1534"]
[Opening "Nimzo-Indian: 4.e3 O-O, 5.Bd3"]
[ECO "E47"]
[Time "11:00:55"]
[TimeControl "2700+45"]

1. d4 Nf6 2. c4 e6 3. Nc3 Bb4 4. e3 O-O 5. Bd3 c5 6. Nf3 Nc6 7. O-O Bxc3 8. bxc3
d6 9. e4 e5 10. d5 Na5 11. h3 b6 12. Bg5 Ba6 13. Qa4 Qd7 14. Qxd7 Nxd7 15. Nd2
h6 16. Be3 Nf6 17. f4 exf4 18. Bxf4 Rad8 19. e5 dxe5 20. Bxe5 Nxd5 {White
resigns} 0-1

[Event "Team 45 45 League T84"]
[Site "Internet Chess Club"]
[Date "2020.04.03"]
[Round "1"]
[White "Visin"]
[Black "wankan"]
[Result "0-1"]
[WhiteElo "1216"]
[BlackElo "1378"]
[Opening "Giuoco Pianissimo: Italian four knights variation"]
[ECO "C50"]
[Time "10:00:40"]
[TimeControl "2700+45"]

1. e4 e5 2. Nf3 Nc6 3. Bc4 Bc5 4. Nc3 Nf6 5. d3 d6 6. h3 Na5 7. Bb3 Nxb3 8. axb3
c6 9. Bg5 h6 10. Bh4 Be6 11. d4 exd4 12. Nxd4 Bd7 13. O-O O-O 14. Nf3 Re8 15.
Re1 Qb6 16. e5 dxe5 17. Nxe5 Be6 18. Re2 Be7 19. Rd2 Ne4 20. Nxe4 Bxh4 21. Qf3
Bd5 22. c4 Bxe4 23. Qxe4 Qb4 24. Qf4 Rxe5 25. Rad1 Bg5 26. Qxe5 Bxd2 27. Qe2 Bg5
28. Qc2 Re8 29. Kf1 Qe7 30. Qd3 Qe5 31. Qd7 Qe2+ 32. Kg1 Rd8 {White resigns} 0-1

[Event "Team 45 45 League T84"]
[Site "Internet Chess Club"]
[Date "2020.04.05"]
[Round "1"]
[White "Just-Jim"]
[Black "seattleblues"]
[Result "0-1"]
[WhiteElo "1230"]
[BlackElo "1242"]
[Opening "Queen's pawn game"]
[ECO "A45"]
[Time "19:00:23"]
[TimeControl "2700+45"]

1. d4 Nf6 2. Nc3 e6 3. h3 Bb4 4. Bf4 O-O 5. a3 Bxc3+ 6. bxc3 d6 7. e3 Nc6 8. Bb5
Bd7 9. Be2 e5 10. dxe5 Nxe5 11. Nf3 Re8 12. Bxe5 dxe5 13. Bc4 a6 14. Ng5 Re7 15.
O-O b5 16. Be2 c5 17. c4 Re8 18. Bf3 e4 19. Be2 Rb8 20. Qd6 Qc8 21. cxb5 axb5
22. c3 h6 23. a4 bxa4 24. Ba6 Qc6 25. Qxc6 Bxc6 26. Bc4 hxg5 27. g4 Ra8 28. Kg2
Nd5 29. Ra3 Nb6 30. Be2 Bd5 31. Rb1 Nc4 32. Raa1 Nd2 33. Rd1 Nb3 34. Ra3 Be6 35.
Bb5 Red8 36. Rxd8+ Rxd8 37. Bxa4 Ra8 38. Ra2 Nc1 39. Ra1 Nd3 40. f3 Bd7 41. fxe4
Rxa4 42. Rd1 c4 43. Kg3 Ra3 44. Rb1 Kh7 45. Rb7 Be6 46. Rb5 Kh6 47. h4 gxh4+ 48.
Kxh4 g6 49. g5+ Kg7 50. e5 Rxc3 51. Kg3 Rc1 52. Kg2 Rc2+ 53. Kg3 Ne1 54. Kh4 Rg2
55. Rb1 Nf3# {White checkmated} 0-1

[Event "Team 45 45 League T84"]
[Site "Internet Chess Club"]
[Date "2020.04.04"]
[Round "1"]
[White "SeniorCitizen"]
[Black "oldmanpatzer"]
[Result "1-0"]
[WhiteElo "1329"]
[BlackElo "1144"]
[Opening "French: advance variation"]
[ECO "C02"]
[Time "15:00:25"]
[TimeControl "2700+45"]

1. e4 e6 2. d4 d5 3. e5 c5 4. c3 c4 5. Nf3 Nc6 6. Be2 Nge7 7. O-O Ng6 8. Be3 Be7
9. b3 b5 10. b4 a5 11. a3 axb4 12. cxb4 Nxb4 13. Nc3 Bd7 14. axb4 Rxa1 15. Qxa1
O-O 16. Qa5 Qxa5 17. bxa5 Bb4 18. Bd2 Bxa5 19. Ra1 Ra8 20. Nxb5 Bxb5 21. Rxa5
Rxa5 22. Bxa5 h6 23. g3 Ba4 24. Bb4 Nf8 25. Bxf8 Kxf8 26. Kf1 Ke8 27. Ke1 Kd7
28. Kd2 Kc6 29. Kc3 Kb6 30. h4 Be8 31. Nh2 g6 32. h5 Kc7 33. Ng4 gxh5 34. Nf6
Kd8 35. Bxh5 Ke7 36. Ng4 Bd7 37. f4 Be8 38. Nxh6 Kf8 39. Ng4 Kg7 40. Nf6 Bc6 41.
Be2 Ba4 42. g4 Kf8 43. f5 exf5 44. gxf5 Bc6 45. Bf3 Ke7 46. Nxd5+ Bxd5 47. Bxd5
{Black resigns} 1-0